 Dungeon Crawl Stone Soup version 0.29-a0-323-g050149af67 (webtiles) character file.

Game seed: 1074087193779205907

42 oldriver the Shooter (level 3, -1/22 HPs)
             Began as a Tengu Hunter on Apr 11, 2022.
             Slain by a hobgoblin (3 damage)
             ... led by Robin
             ... on level 2 of the Dungeon.
             The game lasted 00:01:44 (1173 turns).

oldriver the Shooter (Tengu Hunter)                 Turns: 1173, Time: 00:01:44

Health: -1/22      AC:  3    Str: 11    XL:     3   Next: 56%
Magic:  4/4        EV: 12    Int:  9    God:
Gold:   79         SH:  0    Dex: 19    Spells: 2/2 levels left

rFire   . . .      SeeInvis .   a - +1 shortbow
rCold   . . .      Faith    .   (shield currently unavailable)
rNeg    . . .      Spirit   .   b - +0 leather armour
rPois   .          Reflect  .   (helmet restricted)
rElec   .          Harm     .   (no cloak)
rCorr   .          Rampage  .   (no gloves)
Will    .....                   (boots unavailable)
Stlth   ++........              (no amulet)
HPRegen 0.07/turn               (no ring)
MPRegen 0.09/turn               (no ring)

@: no status effects
A: beak, talons 3
a: no special abilities


You were on level 2 of the Dungeon.
You visited 1 branch of the dungeon, and saw 2 of its levels.

You collected 79 gold pieces.

Inventory:

Hand Weapons
 a - a +1 shortbow (weapon)
Armour
 b - a +0 leather armour (worn)
Scrolls
 c - a scroll of immolation
 e - a scroll of teleportation {unknown}
 h - a scroll of fear {unknown}
Potions
 d - a potion of cancellation {unknown}
 f - a potion of lignification {unknown}
 g - 2 potions of haste {unknown}


   Skills:
 + Level 2.7 Fighting
 * Level 5.3 Bows
 - Level 2.1 Dodging
 - Level 1.0 Stealth


You had 2 spell levels left.
You didn't know any spells.
Your spell library contained the following spells:

 Spells                   Type           Power      Damage    Failure   Level
 Beastly Appendage        Tmut           0%         N/A       47%         1
 Wereblood                Tmut           0%         N/A       63%         2
 Spider Form              Tmut/Pois      0%         N/A       85%         3


Dungeon Overview and Level Annotations

Branches:
Dungeon (2/15)

Altars:


Innate Abilities, Weirdness & Mutations

You have a beak for a mouth.
You have claws for feet.


Message History

You shoot an arrow. The hobgoblin shouts!
The arrow hits Robin but does no damage.
Robin is severely wounded.
You hear a shout! x2
Robin closely misses you.
Shoot: a) +1 shortbow
Press: ? - help, Q - select action Shift-Dir - straight line, f/p - Robin
Aim: Robin, wielding a +0 spear, wearing a +0 animal skin and wearing a +0 helmet (severely wounded, 72% to hit)
You shoot an arrow. The arrow hits Robin.
Robin is almost dead.
Robin hits you from afar with a +0 spear.
* * * LOW HITPOINT WARNING * * *
Robin hits you from afar with a +0 spear.
* * * LOW HITPOINT WARNING * * *
Shoot: a) +1 shortbow
Press: ? - help, Q - select action Shift-Dir - straight line, f/p - Robin
Aim: Robin, wielding a +0 spear, wearing a +0 animal skin and wearing a +0 helmet (almost dead, 72% to hit)
You shoot an arrow. The arrow barely misses Robin.
The arrow hits the hobgoblin!
You kill the hobgoblin!
Robin roars a battlecry!
The hobgoblin goes into a battle-frenzy!
A hobgoblin comes into view.
Shoot: a) +1 shortbow
Press: ? - help, Q - select action Shift-Dir - straight line, f/p - Robin
Aim: Robin, wielding a +0 spear, wearing a +0 animal skin and wearing a +0 helmet (almost dead, 72% to hit)
You shoot an arrow. The arrow barely misses Robin.
The arrow barely misses the hobgoblin.
Robin hits you but does no damage.
Shoot: a) +1 shortbow
Press: ? - help, Q - select action Shift-Dir - straight line, f/p - Robin
Aim: Robin, wielding a +0 spear, wearing a +0 animal skin and wearing a +0 helmet (almost dead, 72% to hit)
You shoot an arrow. The arrow hits Robin.
You kill Robin!
The hobgoblin barely misses you. The hobgoblin attacks as you move away!
The hobgoblin barely misses you.
There is a stone staircase leading up here.
The hobgoblin hits you.
You die... ######## #.))g..# #.####)# #.# #.# #g# #...ggggg

#.#
###.g.#.#
#g# #.##
#g# .#
#@# # #.#
..# #.##
#. #. #.
#.


You could see 2 hobgoblins and a goblin.

Vanquished Creatures
  Robin (D:2)
  5 ball pythons (D:1)
  4 bats (D:1)
  2 endoplasms (D:1)
  2 giant cockroaches (D:1)
  4 goblins
  4 hobgoblins
  2 quokkas (D:1)
  4 rats (D:1)
28 creatures vanquished.

Notes
Turn   | Place    | Note
-------+----------+-------------------------------------------
     0 | D:1      | oldriver the Tengu Hunter began the quest for the Orb.
     0 | D:1      | Reached XP level 1. HP: 12/12 MP: 2/2
   170 | D:1      | Reached XP level 2. HP: 17/17 MP: 3/3
   399 | D:1      | Reached skill level 5 in Bows
   851 | D:1      | Reached XP level 3. HP: 22/22 MP: 4/4
   903 | D:1      | Found a faded altar of an unknown god.
  1154 | D:2      | Noticed Robin
  1165 | D:2      | Killed Robin
  1173 | D:2      | Slain by a hobgoblin

Illustrated notes

Levels and vault maps discovered:
D:1:      wheals_arrival_linesprint, layout_loops_cross,
          hellmonk_ecumenical_altar_inner_sanctum, minmay_three_crescents
D:2:      layout_loops_ring, uniq_robin

Skill      XL: |  1  2 |
---------------+-------+-----
Bows           | 5 |  5.3
Fighting       | |  2.7
Dodging        | |  2.1
Stealth        | |  1.0

Action                   || total
-------------------------++-------
 Fire: Shortbow          ||    63
Armor: Leather armour    ||     7
Dodge: Dodged            ||    19

Table legend: (Time is in decaauts)
 A = Elapsed time spent in this place.
 B = Non-inter-level travel time spent in this place.
 C = Inter-level travel time spent in this place.
 D = Time resting spent in this place.
 E = Time spent auto-exploring this place.
 F = Levels seen in this place.
 G = Mean time per level.
                   A        B        C        D        E       F      G
               +--------+--------+--------+--------+--------+-----+--------+
         Total |   1191 |   1136 |     55 |      0 |    871 |   2 |  595.5 |
       Dungeon |   1191 |   1136 |     55 |      0 |    871 |   2 |  595.5 |
               +--------+--------+--------+--------+--------+-----+--------+

Top non-repeatable levels by time:
     D:1: 1137 daAuts
     D:2: 53 daAuts
